 BcadrenCrawl: Boulder Brew version 0.06-249-g3c0b566573 (webtiles) character file.

Game seed: 7455419863393277957, levelgen mode: deterministic

146 gruber the Chiller (level 5, 0/28 HPs) Deep Elf Ice Elementalist. Began on Aug 17, 2022. Slain by a big kobold ... wielding a +0 club (11 damage) ... on level 2 of the Dungeon. The game lasted 00:04:27 (1227 turns).

gruber the Chiller (Deep Elf Ice Elementalist)      Turns: 1227, Time: 00:04:30

Health: 0/28       AC:  2    Str: 10    XL:     5 ^: 171
Magic:  14/14      EV: 13    Int: 21    God:
Gold:   33         SH:  0    Dex: 15    Spells: 4/14 levels left

rFire    . . .     Slash    x   i - +0 short sword
rCold    . . .     Pierce   .   (no weapon)
rNeg     . . .     Bludgeon .   a - +0 robe
rCorr    . . .     Vision   .   (no helmet)
rPois    .         Gourm    .   (no cloak)
rElec    .         Faith    .   (no gloves)
MR       .....     Spirit   .   (no boots)
HPRegen  0.19/turn Reflect  .   (no amulet)
MPRegen  0.24/turn Harm     .   d - ring of strength
Stlth    ++........             (no ring)

@: no status effects
A: soft flesh
a: no special abilities


You were on level 2 of the Dungeon.
You were hungry.

You visited 1 branch of the dungeon, and saw 2 of its levels.

You collected 33 gold pieces.

Inventory:

Weapons
 i - a +0 short sword (weapon)
Armour
 a - a +0 robe (worn)
Jewellery
 d - a ring of strength (left hand)
 f - a cursed ring of fire {(Curse: Soulbond)}
Scrolls
 b - 2 scrolls of bless item
 e - a scroll of fog
 g - a scroll of magic mapping
Comestibles
 c - 3 rations
 h - a chunk of flesh


   Skills:
 - Level 2.4 Dodging
 - Level 2.4 Stealth
 + Level 5.2 Spellcasting
   Level 1.1 Summonings
 * Level 5.2 Ice Magic


You had 4 spell levels left.
You knew the following spells:

 Your Spells              Type           Power        Failure   Level  Hunger
a - Freeze                Ice            25 (25)      1%          1    0
b - Throw Frost Ice 27 (50) 1% 2 0-11 c - Ozocubu's Armour Chrm/Ice 16 (100) 11% 3 11-71 d - Hailstorm Ice 27 (100) 12% 4 91-191 e - Throw Icicle Ice            27 (100)     12%         4    91-191

Your spell library contained the following spells:

 Spells                   Type           Power        Failure   Level  Hunger
 Summon Ice Beast         Ice/Summ       18 (100)     28%         4    91-191


Dungeon Overview and Level Annotations

Branches:
Dungeon (2/8)

Altars:


Innate Abilities, Weirdness & Mutations

Your soft flesh is weak to deep cuts.
Heavy manmade armour will nullify this weakness. (rSlashing-)


Message History

Things that are here:
a +0 short sword; a kobold corpse
i - a +0 short sword Wield which item (- for none, * to show all)? (? for menu, Esc to quit)
i - a +0 short sword (weapon)
You start waiting.
Magic restored.
You start waiting.
HP restored.
There is a stone staircase leading down here.
There are no items here.
You start waiting.
Done waiting.
You are feeling hungry.
You climb downwards.
The cinder newt bites you (1). The cinder newt burns you (4).
The big kobold hits you with a +0 club (8)!
The cinder newt bites you. The cinder newt burns you (4).
The big kobold hits you with a +0 club (11)!
You die...

.....≈ #≈.......##
#.........##
#≈........≈##
#..........Z##
#≈...........#
#≈...........##
#≈.l.)....<..≈#
#...@÷.>......≈≈≈≈
#≈...K............
#≈................
#................≈
#≈≈.....≈..≈.≈≈...
##################


You could see a big kobold, a cinder newt and an orc skeleton (wandering).

Vanquished Creatures
  5 giant cockroaches (D:1)
  A sewer rat (D:1)
  A cinder newt (D:1)
  A worm (D:2)
  An ooze (D:1)
  2 leopard geckos (D:1)
  6 goblins (D:1)
  4 hobgoblins (D:1)
  8 bats (D:1)
  12 kobolds
  10 rats (D:1)
51 creatures vanquished.

Vanquished Creatures (others)
  3 kobolds (D:2)
3 creatures vanquished.

Grand Total: 54 creatures vanquished

Notes
Turn   | Place    | Note
-------+----------+-------------------------------------------
     0 | D:1      | gruber the Deep Elf Ice Elementalist began the quest for
                  | the Orb.
     0 | D:1      | Reached XP level 1. HP: 10/10 MP: 6/6
     4 | D:1      | Reached XP level 2. HP: 15/15 MP: 6/8
   171 | D:1      | Reached XP level 3. HP: 19/19 MP: 5/10
   259 | D:1      | Learned a level 2 spell: Throw Frost
   263 | D:1      | Learned a level 3 spell: Ozocubu's Armour
   268 | D:1      | Learned a level 4 spell: Hailstorm
   314 | D:1      | Reached XP level 4. HP: 24/24 MP: 6/12
   654 | D:1      | Reached skill level 5 in Ice Magic
   661 | D:1      | Learned a level 4 spell: Throw Icicle
   861 | D:2      | Noticed a big kobold
   867 | D:1      | Reached skill level 5 in Spellcasting
  1006 | D:2      | Reached XP level 5. HP: 24/28 MP: 1/14
  1227 | D:2      | Slain by a big kobold

Levels and vault maps discovered:
D:1:      dpeg_arrival_prison, layout_loops_ring
D:2:      layout_sewer, kennysheep_sewer_church, uniq_eustachio

Skill      XL: |  1  2  3  4 |
---------------+-------------+-----
Ice Magic      | 4 5 |  5.2
Spellcasting   | 4 5 |  5.2
Dodging        | |  2.4
Stealth        | |  2.4
Summonings     | |  1.1

Action                   |  1- 3 |  4- 6 || total
-------------------------+-------+-------++-------
Melee: Unarmed           |    10 |     2 ||    12
 Cast: Freeze            |    42 |    19 ||    61
       Throw Frost       |     2 |     2 ||     4
       Throw Icicle      |       |     4 ||     4
 Stab: Sleeping          |     1 |       ||     1
  Eat: Chunk             |       |     1 ||     1
Armor: Robe              |    10 |     1 ||    11
Dodge: Dodged            |     9 |     5 ||    14
